Map: [ESL] Goldenaura

Players

SKillous

  • Race: Protoss Protoss
  • Spawn Location: 5:00

Harstem - Winner!

  • Race: Protoss Protoss
  • Spawn Location: 12:00

Event: ESL SC2 Masters 2024 Spring (Regional)

VOD

Have the link to the VOD?

Description

Time

  • Played on: May 2, 2024, 10:34 a.m.
  • Length: 11:22

All games in this series

Show
View Real Time Build Order
Export as new Build Order

SKillous Protoss 

Build Orders: Phoenix Opening 

Get SALT Encoding   

  12  0:00  Probe  
  13  0:12  Probe  
  14  0:17  Pylon  
  14  0:24  Probe (Chrono Boost)  
  15  0:36  Probe (Chrono Boost)  
  15  0:37  Gateway  
  16  0:44  Probe (Chrono Boost)  
  16  0:46  Assimilator  
  17  0:50  Probe  
  17  0:54  Assimilator  
  18  1:02  Probe (Chrono Boost)  
  19  1:07  Gateway  
  19  1:13  Probe (Chrono Boost)  
  19  1:17  Probe (Chrono Boost)  
  20  1:24  Cybernetics Core  
  21  1:29  Probe  
  22  1:34  Pylon  
  22  1:41  Probe  
  23  1:53  Probe  
  24  2:00  Sentry, Stalker, Warp Gate  
  28  2:06  Shield Battery  
  28  2:12  Pylon  
  28  2:14  Probe  
  29  2:23  Sentry  
  29  2:27  Pylon  
  31  2:34  Phoenix  
  31  2:45  Nexus  
  31  2:46  Probe  
  31  2:47  Sentry  
  34  2:56  Robotics Facility  
  34  3:00  Probe  
  35  3:05  Pylon  
  35  3:12  Probe  
  36  3:16  Stalker  
  38  3:24  Probe  
  39  3:36  Probe  
  39  3:40  Warp Prism (Chrono Boost)  
  42  3:50  Forge  
  42  3:53  Shield Battery  
  43  3:56  Probe (Chrono Boost)  
  43  3:59  Probe (Chrono Boost)  
  44  4:07  Probe (Chrono Boost)  
  44  4:09  Probe (Chrono Boost)  
  46  4:13  Probe (Chrono Boost)  
  46  4:15  Probe (Chrono Boost)  
  48  4:18  Immortal (Chrono Boost)  
  48  4:23  Protoss Ground Weapons Level 1 (Chrono Boost)  
  52  4:25  Probe  
  52  4:28  Probe  
  54  4:34  Pylon  
  54  4:37  Probe  
  55  4:40  Probe  
  56  4:48  Assimilator  
  56  4:49  Probe  
  56  4:52  Immortal (Chrono Boost), Probe  
  62  5:01  Assimilator, Probe  
  62  5:04  Probe  
  64  5:11  Twilight Council  
  64  5:13  Probe, Gateway  
  65  5:14  Gateway  
  65  5:17  Pylon  
  65  5:24  Shield Battery  
  65  5:25  Observer (Chrono Boost)  
  66  5:29  Shield Battery  
  66  5:35  Gateway x2  
  66  5:44  Immortal  
  70  6:00  Nexus  
  70  6:01  Resonating Glaives (Chrono Boost)  
  70  6:03  Pylon  
  70  6:08  Templar Archives  
  70  6:20  Protoss Ground Weapons Level 2 (Chrono Boost)  
  70  6:35  Adept x6  
  82  6:43  Probe  
  83  7:00  Adept x4  
  85  7:03  Sentry  
  80  7:15  Pylon x2  
  80  7:22  Adept x5  
  88  7:33  Adept  
  85  7:40  Gateway  
  82  7:46  Stalker x2  
  82  7:50  Observer  
  86  7:58  Pylon  
  86  7:59  Pylon  
  86  8:10  Shield Battery  
  86  8:19  Adept x6  
  97  8:25  Photon Cannon  
  97  8:31  Pylon  
  97  8:42  High Templar x2  
  101  8:51  Archon  
  101  8:52  Pylon, High Templar x4  
  109  8:55  Archon  
  109  8:56  Archon  
  109  9:03  Nexus  
  109  9:14  Pylon, Adept x3  
  109  9:15  Pylon  
  115  9:25  Adept  
  115  9:31  Adept  
  115  9:37  Adept x5  
  111  9:46  Pylon, Adept  
  92  9:53  Adept  
  92  9:58  Adept x5  
  94  10:07  High Templar  
  92  10:16  High Templar  
  92  10:21  High Templar x2  
  94  10:22  Archon  
  94  10:27  Archon  
  74  10:50  Adept x5  
Show
View Real Time Build Order
Export as new Build Order

Harstem Protoss - Winner!

Build Orders: Phoenix Opening, Zealot Archon, Archon Drop 

Get SALT Encoding   

  12  0:00  Probe  
  13  0:12  Probe  
  14  0:17  Pylon  
  14  0:24  Probe (Chrono Boost)  
  15  0:36  Probe (Chrono Boost), Gateway  
  16  0:44  Probe (Chrono Boost)  
  16  0:46  Assimilator  
  17  0:51  Probe  
  17  0:54  Assimilator  
  18  1:03  Probe (Chrono Boost)  
  19  1:07  Gateway  
  19  1:12  Probe (Chrono Boost)  
  19  1:17  Probe (Chrono Boost)  
  20  1:23  Cybernetics Core  
  21  1:29  Probe  
  22  1:34  Pylon  
  22  1:41  Probe  
  23  1:53  Probe  
  24  1:59  Warp Gate  
  24  2:00  Stalker  
  26  2:05  Probe  
  29  2:10  Pylon  
  29  2:11  Sentry  
  29  2:18  Probe  
  30  2:30  Sentry, Probe  
  32  2:42  Probe  
  32  2:43  Sentry  
  35  2:45  Nexus  
  35  2:54  Probe  
  35  2:57  Pylon  
  36  3:03  Robotics Facility  
  36  3:07  Probe  
  38  3:20  Probe (Chrono Boost)  
  38  3:23  Phoenix  
  38  3:29  Probe (Chrono Boost)  
  38  3:30  Pylon  
  39  3:34  Twilight Council, Probe (Chrono Boost)  
  40  3:46  Probe (Chrono Boost)  
  40  3:47  Observer, Adept x2  
  45  3:53  Probe (Chrono Boost)  
  47  4:00  Probe  
  47  4:01  Probe (Chrono Boost)  
  49  4:13  Assimilator  
  49  4:14  Probe (Chrono Boost)  
  49  4:16  Zealot x2  
  49  4:17  Assimilator  
  55  4:18  Probe (Chrono Boost)  
  55  4:22  Probe (Chrono Boost)  
  56  4:25  Charge (Chrono Boost), Probe (Chrono Boost)  
  56  4:28  Probe  
  56  4:29  Pylon  
  58  4:36  Stalker, Probe  
  58  4:37  Phoenix  
  61  4:41  Gateway  
  61  4:42  Probe  
  62  4:48  Probe  
  63  4:56  Templar Archives  
  63  4:57  Gateway  
  63  5:01  Gateway  
  63  5:02  Probe  
  63  5:05  Warp Prism (Chrono Boost)  
  66  5:19  Pylon  
  67  5:24  Nexus  
  67  5:27  Pylon  
  66  5:35  High Templar, Phoenix  
  66  5:36  High Templar  
  66  5:39  Gateway  
  66  5:40  Archon  
  66  5:41  Gateway  
  70  5:48  Gateway  
  70  5:49  Gateway  
  70  5:55  High Templar x2  
  70  5:56  Zealot  
  75  6:01  Archon  
  75  6:09  Forge  
  75  6:11  Zealot x2  
  75  6:14  Pylon  
  79  6:18  Zealot  
  79  6:20  Probe  
  79  6:25  Probe  
  83  6:28  High Templar x2  
  83  6:30  Pylon  
  87  6:35  Pylon, Archon  
  85  6:43  Zealot x3  
  85  6:44  Zealot x2  
  93  6:57  Probe  
  93  6:59  Zealot x2  
  97  7:04  Protoss Ground Weapons Level 1 (Chrono Boost)  
  97  7:08  High Templar x2  
  98  7:09  Zealot x4  
  104  7:19  Probe  
  104  7:22  Zealot x3  
  111  7:26  Probe  
  110  7:31  Probe  
  110  7:33  High Templar x2, Probe  
  114  7:40  Shield Battery  
  114  7:42  Zealot x4  
  110  7:46  Archon  
  110  7:47  Probe  
  110  7:51  Zealot, High Templar x2  
  115  7:54  Photon Cannon  
  115  7:55  Probe  
  119  7:58  Archon  
  119  8:03  Probe  
  120  8:07  Probe  
  120  8:10  Assimilator  
  120  8:11  Shield Battery  
  120  8:13  Assimilator  
  120  8:15  Pylon  
  120  8:17  High Templar x2  
  120  8:18  Zealot x2  
  128  8:22  Pylon  
  128  8:26  Pylon, Archon  
  124  8:35  Probe  
  124  8:38  Probe  
  126  8:44  Zealot x4, High Templar x2  
  126  8:47  Probe  
  126  8:48  Pylon, Archon  
  132  8:50  Zealot  
  132  8:52  Photon Cannon  
  131  9:00  High Templar x2  
  135  9:05  Archon, Photon Cannon  
  135  9:07  Archon  
  135  9:09  Shield Battery  
  135  9:10  Zealot x2  
  135  9:15  Sentry x2  
  143  9:21  Zealot x3  
  149  9:31  Zealot x2  
  135  9:36  Zealot x2  
  127  9:41  Zealot x3  
  127  9:42  Zealot  
  123  9:50  Zealot  
  101  9:56  Zealot x4  
  99  10:02  High Templar x3  
  99  10:03  High Templar  
  99  10:07  Archon x2  
  103  10:14  Zealot  
  103  10:20  Immortal  
  107  10:22  Sentry x4  
  107  10:24  Probe  
  107  10:26  Shield Battery  
  112  10:32  Probe  
  112  10:33  Shield Battery  
  113  10:42  Zealot x5  
  116  10:55  Zealot x3  
  108  11:06  Zealot x4  
  108  11:10  Probe  
  101  11:16  Zealot x3  
Tags
 
Add a new tag
Caveats
  • Supply blocks, unpowered buildings, or Contaminate may cause inaccurate times.
  • Supply counts are checked every 10 seconds.